Get step-by-step instructions on how to execute this build order below. Start the game timer, and the build order will tick by so you can play in parallel with StarCraft on a second screen or mobile device.

Game Time

  0:00

Last Step

  N/A

Next Step

Upcoming Step



Don't want to look back and forth between 2 screens? Try out our Overwolf App, the Spawning Tool Build Advisor to get an in-game overlay with this build!

Complete Build Order

  12  0:02  Probe (Chrono Boost)  
  13  0:12  Probe (Chrono Boost)  
  14  0:17  Probe (Chrono Boost)  
  15  0:23  Pylon  
  15  0:41  Probe  
  16  0:43  Gateway  
  16  0:53  Probe  
  17  1:01  Pylon  
  17  1:05  Probe (Chrono Boost)  
  18  1:12  Assimilator  
  18  1:16  Probe (Chrono Boost)  
  19  1:21  Probe (Chrono Boost)  
  20  1:32  Forge, Probe  
  21  1:41  Cybernetics Core  
  21  1:45  Probe  
  22  2:04  Nexus  
  22  2:17  Gateway  
  22  2:25  Photon Cannon  
  22  2:34  Stalker  
  24  2:40  Probe  
  25  2:51  Assimilator  
  25  2:52  Probe  
  25  2:58  Gateway  
  26  3:04  Probe  
  27  3:05  Stalker  
  27  3:06  Zealot  
  31  3:17  Probe (Chrono Boost)  
  32  3:28  Probe (Chrono Boost)  
  32  3:33  Stalker  
  35  3:35  Zealot, Probe (Chrono Boost)  
  35  3:36  Probe (Chrono Boost)  
  38  3:47  Warp Gate  
  38  3:48  Twilight Council  
  38  4:04  Pylon  
  38  4:13  Shield Battery  
  38  4:16  Probe (Chrono Boost)  
  39  4:17  Zealot x2  
  39  4:23  Probe (Chrono Boost)  
  44  4:28  Probe (Chrono Boost)  
  45  4:37  Zealot, Probe (Chrono Boost)  
  48  4:44  Zealot  
  50  4:47  Gateway  
  50  4:48  Pylon  
  50  4:58  Protoss Ground Weapons Level 1  
  50  5:05  Probe x2  
  52  5:09  Zealot  
  54  5:16  Pylon  
  54  5:17  Probe (Chrono Boost)  
  54  5:21  Stargate  
  55  5:36  Stalker  
  57  5:58  Zealot x2  
  61  6:21  Zealot  
  61  6:22  Zealot x2  
  61  6:23  Probe  
  64  6:31  Gateway  
  60  7:00  Charge  
  60  7:01  Phoenix  
  60  7:07  Pylon x2  
  62  7:09  Pylon  
  62  7:10  Stalker  
  62  7:11  Stalker x3  
  70  7:16  Pylon  
  70  7:17  Pylon  
  70  7:21  Gateway  
  70  7:24  Gateway  
  70  7:26  Phoenix  
  72  7:38  Protoss Shields Level 1  
  72  7:45  Zealot x4  
  80  7:51  Phoenix  
  74  8:26  Zealot x3  
  78  8:27  Zealot  
  80  8:47  Robotics Facility  
  80  8:49  Robotics Facility, Zealot x4  
  84  9:24  Zealot  
  84  9:25  Zealot x3  
  88  9:36  Void Ray  
  88  9:43  Immortal  
  88  9:44  Immortal  
  96  9:58  Zealot x3